 Dungeon Crawl Stone Soup version 0.31-a0-180-g519b7de00c (webtiles) character file.

Game seed: 10732981543816941058

221 holysushi the Ducker (level 5, -2/47 HPs)
             Began as a Gnoll Monk on June 19, 2023.
             Was a Follower of Okawaru.
             Slain by a black bear (6 damage)
             ... on level 4 of the Dungeon on June 20, 2023.
             The game lasted 00:04:59 (3974 turns).

holysushi the Ducker (Gnoll Monk)                   Turns: 3974, Time: 00:05:00

Health: -2/47      AC:  2    Str: 10    XL:     5   Next: 98%
Magic:  6/7        EV: 19    Int: 15    God:    Okawaru [*.....]
Gold:   131        SH:  0    Dex: 17    Spells: 7/7 levels left

rFire   . . .        a - +0 short sword
rCold   . . .        d - orb {light}
rNeg    . . .        b - +0 robe
rPois   .            (no helmet)
rElec   .            (no cloak)
rCorr   .            (no gloves)
SInv    .            (no boots)
Will    .....        (no amulet)
Stlth   ++           u - +6 ring of intelligence
HPRegen 0.27/turn    (no ring)
MPRegen 0.10/turn

%: no passive effects
@: heroic, glowing
A: fangs 1, strong nose, distributed training
a: Renounce Religion, Heroism


You were on level 4 of the Dungeon.
You worshipped Okawaru.
Okawaru was aware of your devotion.
You visited 2 branches of the dungeon, and saw 5 of its levels.

You collected 131 gold pieces.

Inventory:

Hand Weapons
 a - a +0 short sword (weapon)
Armour
 b - a +0 robe (worn)
 d - an orb of light (worn)
Magical Staves
 p - a staff of air
 r - a staff of cold
Jewellery
 u - a +6 ring of intelligence (left hand)
Scrolls
 i - 5 scrolls of identify
 j - a scroll of amnesia
 n - a scroll of fog {unknown}
 o - a scroll of revelation {unknown}
 s - a scroll of enchant armour {unknown}
 t - a scroll of brand weapon {unknown}
Potions
 c - a potion of ambrosia
 e - a potion of lignification
 g - a potion of haste {unknown}
 h - a potion of enlightenment {unknown}
 l - 2 potions of curing {unknown}
 m - a potion of berserk rage {unknown}
 q - a potion of resistance {unknown}
 v - a potion of heal wounds {unknown}


   Skills:
 + Level 6.8(11.8) Fighting
 + Level 6.8(11.8) Short Blades
 + Level 1.8(6.8) Long Blades
 + Level 1.8(6.8) Axes
 + Level 1.8(6.8) Maces & Flails
 + Level 1.8(6.8) Polearms
 + Level 1.8(6.8) Staves
 + Level 1.8(6.8) Ranged Weapons
 + Level 1.8(6.8) Throwing
 + Level 1.8(6.8) Armour
 + Level 6.8(11.8) Dodging
 + Level 1.8(6.8) Stealth
 + Level 1.8(6.8) Shields
 + Level 1.8(6.8) Unarmed Combat
 + Level 1.8 Spellcasting
 + Level 1.4 Conjurations
 + Level 1.4 Hexes
 + Level 1.4 Summonings
 + Level 1.4 Necromancy
 + Level 1.4 Translocations
 + Level 1.4 Transmutations
 + Level 1.4 Fire Magic
 + Level 1.4 Ice Magic
 + Level 1.4 Air Magic
 + Level 1.4 Earth Magic
 + Level 1.4 Poison Magic
 + Level 2.0 Invocations
 + Level 1.8 Evocations


You had 7 spell levels left.
You didn't know any spells.
Your spell library contained the following spells:

 Spells                   Type           Power      Damage    Failure   Level
 Blink                    Tloc           10%        N/A       19%         2
 Frozen Ramparts          Ice            10%        1d2       36%         3
 Ice Form                 Ice/Tmut       5%         N/A       77%         4
 Manifold Assault         Tloc           5%         N/A       77%         4
 Storm Form               Tmut/Air       2%         N/A       100%        7
 Summon Small Mammal      Summ           Unusable   N/A       N/A         1
 Call Canine Familiar     Summ           Unusable   N/A       N/A         3
 Summon Guardian Golem    Hex/Summ       Unusable   N/A       N/A         3
 Summon Ice Beast         Ice/Summ       Unusable   N/A       N/A         4

Dungeon Overview and Level Annotations

Branches:
Dungeon (4/15) Zot: 20402  Temple (1/1) D:4 Zot: 5743

Altars:
Ashenzari
Cheibriados
Elyvilon
Gozag
Hepliaklqana
Kikubaaqudgha
Nemelex Xobeh
Okawaru
Sif Muna
Vehumet
Wu Jian
Xom
Zin
The Shining One

Shops:
D:2 (

Annotations:
D:4 Grinder


Innate Abilities, Weirdness & Mutations

You have very sharp teeth.
Your uncanny sense of smell can sniff out nearby items.
Your experience applies equally to all skills.


Message History

You hit the black bear.
You bite the black bear, but do no damage.
The black bear is moderately wounded.
You hit the black bear.
You bite the black bear, but do no damage.
The black bear is heavily wounded.
The black bear completely misses you. The black bear claws you. x2
You hit the black bear.
The black bear is severely wounded.
You hit the black bear.
The black bear is severely wounded.
The black bear completely misses you. The black bear misses you.
The black bear claws you.
You hit the black bear but do no damage.
Your bite misses the black bear.
The black bear is severely wounded.
You hit the black bear.
The black bear is almost dead.
The black bear goes berserk!
You barely miss the black bear.
The black bear is almost dead.
The black bear completely misses you. The black bear claws you.
The black bear misses you.
You hit the black bear but do no damage.
The black bear is almost dead.
You hit the black bear.
You bite the black bear, but do no damage.
The black bear is almost dead.
The black bear bites you. The black bear closely misses you.
The black bear completely misses you.
You hit the black bear but do no damage.
The black bear is almost dead.
The black bear closely misses you. The black bear misses you.
The black bear claws you.
You hit the black bear but do no damage.
The black bear is almost dead.
The black bear bites you!
* * * LOW HITPOINT WARNING * * *
The black bear closely misses you. The black bear claws you.
You die...

#################
#.@h....##......##
#..#...##...###..#
#..##.##...## ##.#
#...###...## #.#
##.......## #.#
##.....## #.#
##.#### ##.## #.#
#....
#.##########....


You could see a black bear (berserk).

Vanquished Creatures
  A hound (D:4)
  An iguana (D:4)
  9 adders
  3 worms (D:2)
  A dart slug (D:1)
  6 orcs
  4 bats
  6 endoplasms
  6 giant cockroaches
  9 goblins
  3 hobgoblins
  4 jackals (D:1)
  5 ball pythons
  3 frilled lizards
  5 kobolds
  6 rats
72 creatures vanquished.

Notes
Turn   | Place    | Note
-------+----------+-------------------------------------------
     0 | D:1      | holysushi the Gnoll Monk began the quest for the Orb.
     0 | D:1      | Reached XP level 1. HP: 23/23 MP: 1/1
    22 | D:1      | Found a faded altar of an unknown god.
   110 | D:1      | Reached XP level 2. HP: 29/29 MP: 2/2
   308 | D:1      | Reached XP level 3. HP: 17/35 MP: 3/3
   940 | D:2      | Reached skill level 1 in Invocations
   995 | D:2      | Found a sparkling altar of Nemelex Xobeh.
  1322 | D:2      | Reached skill level 1 in Long Blades
  1322 | D:2      | Reached skill level 1 in Axes
  1322 | D:2      | Reached skill level 1 in Maces & Flails
  1322 | D:2      | Reached skill level 1 in Polearms
  1322 | D:2      | Reached skill level 1 in Staves
  1322 | D:2      | Reached skill level 1 in Ranged Weapons
  1322 | D:2      | Reached skill level 1 in Throwing
  1322 | D:2      | Reached skill level 1 in Armour
  1322 | D:2      | Reached skill level 1 in Stealth
  1322 | D:2      | Reached skill level 1 in Shields
  1322 | D:2      | Reached skill level 1 in Unarmed Combat
  1322 | D:2      | Reached skill level 1 in Spellcasting
  1322 | D:2      | Reached skill level 1 in Evocations
  1350 | D:2      | Found Focvoxot's Antique Weapon Shoppe.
  1395 | D:2      | Reached XP level 4. HP: 37/41 MP: 5/5
  1650 | D:2      | Reached skill level 1 in Conjurations
  1650 | D:2      | Reached skill level 1 in Hexes
  1650 | D:2      | Reached skill level 1 in Summonings
  1650 | D:2      | Reached skill level 1 in Necromancy
  1650 | D:2      | Reached skill level 1 in Translocations
  1650 | D:2      | Reached skill level 1 in Transmutations
  1650 | D:2      | Reached skill level 1 in Fire Magic
  1650 | D:2      | Reached skill level 1 in Ice Magic
  1650 | D:2      | Reached skill level 1 in Air Magic
  1650 | D:2      | Reached skill level 1 in Earth Magic
  1650 | D:2      | Reached skill level 1 in Poison Magic
  2081 | D:3      | Found a glowing silver altar of Zin.
  2433 | D:3      | Reached XP level 5. HP: 43/47 MP: 7/7
  2948 | D:4      | Found a staircase to the Ecumenical Temple.
  2988 | Temple   | Entered the Ecumenical Temple
  3221 | Temple   | Became a worshipper of Warmaster Okawaru
  3221 | Temple   | Reached * piety under Okawaru
  3221 | Temple   | Reached ** piety under Okawaru
  3552 | D:4      | Found a radiant altar of Vehumet.
  3770 | D:4      | Noticed Grinder
  3955 | D:4      | Noticed a black bear
  3974 | D:4      | Slain by a black bear

Illustrated notes

Levels and vault maps discovered:
D:1:      amcnicky_arrival_flooded_fountain, layout_basic,
          chequers_ecumenical_altar_simple_redux, minmay_misc_feat_chi,
          minmay_small_reverse_x
D:2:      layout_loops_ring, basic_altar, serial_shops,
          nicolae_shop_tiny_statue_garden
D:3:      layout_basic, mainiacjoe_overflow_paths, serial_bayou_pond_c
D:4:      black_bear_nest_2, layout_gridville, nicolae_vehumet_altar_sigil,
          minmay_temple_entry_hall, uniq_grinder
Temple:   minmay_temple_curvy_loop

Skill      XL: |  1  2  3  4  5 |
---------------+----------------+-----
Invocations    | 1 2 |  2.0
Long Blades    | 1 |  1.8
Axes           | 1 |  1.8
Maces & Flails | 1 |  1.8
Polearms       | 1 |  1.8
Staves         | 1 |  1.8
Ranged Weapons | 1 |  1.8
Throwing       | 1 |  1.8
Armour         | 1 |  1.8
Stealth        | 1 |  1.8
Shields        | 1 |  1.8
Unarmed Combat | 1 |  1.8
Spellcasting   | 1 |  1.8
Evocations     | 1 |  1.8
Conjurations   | 1 |  1.4
Hexes          | 1 |  1.4
Summonings     | 1 |  1.4
Necromancy     | 1 |  1.4
Translocations | 1 |  1.4
Transmutations | 1 |  1.4
Fire Magic     | 1 |  1.4
Ice Magic      | 1 |  1.4
Air Magic      | 1 |  1.4
Earth Magic    | 1 |  1.4
Poison Magic   | 1 |  1.4
Fighting       | |  6.8
Short Blades   | |  6.8
Dodging        | |  6.8

Action                     |  1- 3 |  4- 6 || total
---------------------------+-------+-------++-------
  Melee: Short sword       |   122 |   242 ||   364
         Bite              |    12 |    38 ||    50
 Invoke: Heroism           |       |     1 ||     1
    Use: Scroll            |       |     4 ||     4
         Potion            |       |     1 ||     1
   Stab: Sleeping          |       |     1 ||     1
 Armour: Robe              |    18 |    24 ||    42
         Skin              |       |     3 ||     3
  Dodge: Dodged            |    55 |   165 ||   220

Table legend: (Time is in decaauts)
 A = Elapsed time spent in this place.
 B = Non-inter-level travel time spent in this place.
 C = Inter-level travel time spent in this place.
 D = Time resting spent in this place.
 E = Time spent auto-exploring this place.
 F = Levels seen in this place.
 G = Mean time per level.
                   A        B        C        D        E       F      G
               +--------+--------+--------+--------+--------+-----+--------+
         Total |   3854 |   3682 |    172 |    657 |   2315 |   5 |  770.8 |
       Dungeon |   3597 |   3485 |    112 |    657 |   2126 |   4 |  899.2 |
        Temple |    256 |    196 |     60 |      0 |    189 |   1 |  256.0 |
               +--------+--------+--------+--------+--------+-----+--------+

Top non-repeatable levels by time:
     D:2: 1036 daAuts
     D:4: 1001 daAuts
     D:1: 894 daAuts
     D:3: 665 daAuts
  Temple: 256 daAuts
